 Dungeon Crawl Stone Soup version 0.32-a0-485-g70f7560b1c (webtiles) character file.

Game seed: 10651756557195638024

3014 BubbleThief the Thaumaturge (level 9, -7/81 HPs)
             Began as a Naga Cinder Acolyte on Feb 26, 2024.
             Was a High Priest of Ignis.
             Mangled by a warg (17 damage)
             ... on level 8 of the Dungeon.
             The game lasted 00:12:08 (8579 turns).

BubbleThief the Thaumaturge (Naga Cinder Acolyte)   Turns: 8579, Time: 00:12:09

Health: -7/81      AC:  9    Str: 18    XL:     9   Next: 85%
Magic:  10/22      EV:  9    Int: 18    God:    Ignis [*****.]
Gold:   107        SH:  0    Dex:  6    Spells: 20/26 levels left

rFire   + + .        y - +2 flail (venom)
rCold   + . .        (no shield)
rNeg    . . .        u - +2 robe {rC+ rF+}
rPois   +            j - +0 helmet
rElec   .            C - +1 cloak
rCorr   .            (no gloves)
SInv    +            (no barding)
Will    +....        f - amulet of the acrobat
Stlth   +            v - ring of wizardry
HPRegen 0.33/turn    (no ring)
MPRegen 0.18/turn

%: acrobat, wizardry (x1)
@: very slow
A: AC +3, large, see invisible, deformed body, poison resistance, slowness 2,
spit poison 1, naga tail 1
a: Spit Poison, Renounce Religion, Fiery Armour, Foxfire Swarm, Rising Flame


You were on level 8 of the Dungeon.
You worshipped Ignis.
Ignis was extremely pleased with you.
You visited 1 branch of the dungeon, and saw 8 of its levels.

You collected 380 gold pieces.
You spent 273 gold pieces at shops.

Inventory:

Hand Weapons
 y - a +2 flail of venom (weapon)
Armour
 j - a +0 helmet (worn)
 q - a +0 cloak
 u - a +2 robe of resistance (worn)
 C - a +1 cloak (worn)
Magical Staves
 d - a staff of conjuration
Jewellery
 f - an amulet of the acrobat (around neck)
 v - a ring of wizardry (left hand)
Wands
 b - a wand of quicksilver (7)
 D - a wand of flame (16)
 E - a wand of digging (5)
Scrolls
 c - 2 scrolls of immolation {unknown}
 h - 7 scrolls of identify {unknown}
 n - 4 scrolls of amnesia {unknown}
 o - 3 scrolls of teleportation {unknown}
 r - a scroll of enchant weapon {unknown}
 s - a scroll of enchant armour {unknown}
 t - a scroll of torment {unknown}
 x - a scroll of revelation {unknown}
 B - a scroll of fear {unknown}
 F - a scroll of blinking {unknown}
Potions
 a - a potion of magic {unknown}
 e - 2 potions of enlightenment {unknown}
 g - 2 potions of heal wounds
 i - a potion of might {unknown}
 k - 2 potions of attraction {unknown}
 l - a potion of brilliance {unknown}
 m - 7 potions of curing
 p - 3 potions of cancellation {unknown}
 w - 2 potions of mutation
 z - a potion of lignification {unknown}
 A - a potion of haste {unknown}


   Skills:
 + Level 5.2 Fighting
 + Level 5.2 Maces & Flails
 - Level 9.0 Spellcasting
 - Level 5.2 Fire Magic
 - Level 6.2 Alchemy


You had 20 spell levels left.
You knew the following spells:

 Your Spells              Type           Power      Damage    Failure   Level
a - Scorch                Fire           54%        2d7       1%          2
b - Olgreb's Toxic Radia  Alch           30%        N/A       2%          4

Your spell library contained the following spells:

 Spells                   Type           Power      Damage    Failure   Level
 Sting                    Conj/Alch      76%        1d7       1%          1
 Mercury Vapours          Alch/Air       38%        N/A       1%          2
 Sandblast                Erth           16%        2d6       3%          1
 Slow                     Hex            32%        N/A       3%          1
 Confusing Touch          Hex            8%         N/A       11%         3
 Gell's Gravitas          Tloc           8%         N/A       11%         3
 Passwall                 Erth           8%         N/A       11%         3
 Sigil of Binding         Hex            8%         N/A       11%         3
 Stone Arrow              Conj/Erth      16%        3d8       11%         3
 Teleport Other           Tloc           8%         N/A       11%         3
 Vampiric Draining        Necr           8%         2d6       11%         3
 Brom's Barrelling Bould  Conj/Erth      8%         2d3       32%         4
 Dispersal                Tloc           4%         N/A       99%         6


Dungeon Overview and Level Annotations

Branches:
Dungeon (8/15)             Temple (0/1) D:4
   Lair: D:8-11

Altars:
Ashenzari
Kikubaaqudgha
Qazlal
Sif Muna
Xom

Shops:
D:1 =   D:7 !

Annotations:
D:8 2 transporters, timneilson's ghost, novice OpSh


Innate Abilities, Weirdness & Mutations

Your serpentine skin is tough. (AC +3)
You have supernaturally acute eyesight. (SInv)
Armour fits poorly on your strangely shaped body.
Your system is resistant to poisons. (rPois)
You cover ground very slowly.
You can spit poison.
You have a snake-like lower body.


Message History

The warg bites you but does no damage.
You closely miss the warg.
The warg is moderately wounded.
You have got your breath back.
The warg barely misses you. The warg closely misses you.
You closely miss the warg.
The warg is moderately wounded.
The warg bites you! The warg closely misses you.
You hit the warg but do no damage.
The warg is moderately wounded.
The warg barely misses you.
You hit the warg but do no damage.
The warg is moderately wounded.
The warg bites you! The warg closely misses you.
Casting: Scorch (safe; 1% risk of failure)
Confirm with . or Enter, or press ? or * to list all spells.
Flames lash the warg.
The warg is burned terribly!
The warg is severely wounded.
The warg completely misses you.
Casting: Scorch (safe; 1% risk of failure)
Confirm with . or Enter, or press ? or * to list all spells.
Flames lash the warg but do no damage.
The warg closely misses you. The warg bites you!!
* * * LOW HITPOINT WARNING * * *
Casting: Scorch (safe; 1% risk of failure)
Confirm with . or Enter, or press ? or * to list all spells.
Flames lash the warg.
The warg is burned terribly!
The warg is severely wounded.
The warg misses you.
Casting: Scorch (safe; 1% risk of failure)
Confirm with . or Enter, or press ? or * to list all spells.
Flames lash the warg but do no damage.
The warg bites you.
* * * LOW HITPOINT WARNING * * *
The warg closely misses you.
Unknown command.
You hit the warg.
The warg is almost dead.
The warg bites you!
You die...
Ignis goes out, and joins you in death.

#..#...........#
##.#.##...######
#.#.##.#.#
#...##.#.#
###.#..#.#
#>..##.#
######.#
#########)#
......h@..#
####.######


You could see a warg (combustible).

Vanquished Creatures
  Sigmund (D:4)
  A wyvern (D:6)
  Menkaure (D:6)
  Edmund (D:6)
  Duvessa (D:5)
  A water moccasin (D:6)
  2 orc warriors
  2 sky beasts
  A black bear (D:6)
  An ogre (D:7)
  A centaur (D:8)
  A wolf (D:8)
  A phantom (D:6)
  Blork the orc (D:6)
  3 bullfrogs (D:6)
  2 scorpions
  Dowan (D:5)
  3 bombardier beetles
  3 hounds
  3 jellies
  8 orc priests
  2 sleepcaps
  3 iguanas
  4 orc wizards
  Robin (D:4)
  8 gnolls (D:7)
  6 adders
  2 ufetubi (D:5)
  A dart slug (D:3)
  2 ribbon worms (D:5)
  27 orcs
  12 ball pythons
  9 bats
  9 endoplasms
  4 giant cockroaches
  14 goblins
  10 hobgoblins
  4 jackals (D:3)
  8 kobolds
  5 quokkas
  5 frilled lizards
  6 rats
181 creatures vanquished.

Notes
Turn   | Place    | Note
-------+----------+-------------------------------------------
     0 | D:1      | BubbleThief the Naga Cinder Acolyte began the quest for the
                  | Orb.
     0 | D:1      | Reached XP level 1. HP: 21/21 MP: 2/2
   211 | D:1      | Reached XP level 2. HP: 28/28 MP: 4/4
   459 | D:1      | Learned a level 2 spell: Scorch
   461 | D:1      | Reached skill level 2 in Spellcasting
   598 | D:1      | Reached XP level 3. HP: 34/34 MP: 3/6
   686 | D:1      | Found Leac's Jewellery Shoppe.
  1392 | D:2      | You fall into a shaft and drop 2 floors!
  1406 | D:4      | Reached XP level 4. HP: 42/42 MP: 1/8
  1508 | D:4      | Reached skill level 3 in Spellcasting
  1512 | D:4      | Reached XP level 5. HP: 33/49 MP: 0/10
  1919 | D:4      | Noticed Robin
  1939 | D:4      | Killed Robin
  2054 | D:4      | Reached skill level 4 in Spellcasting
  2128 | D:4      | Reached XP level 6. HP: 56/56 MP: 7/12
  2172 | D:4      | Found a shimmering blue altar of Sif Muna.
  2193 | D:4      | Found a staircase to the Ecumenical Temple.
  2344 | D:4      | Noticed Sigmund
  2355 | D:4      | Killed Sigmund
  2356 | D:4      | Reached skill level 5 in Spellcasting
  3030 | D:3      | Learned a level 4 spell: Olgreb's Toxic Radiance
  3070 | D:3      | Reached skill level 5 in Fire Magic
  3070 | D:3      | Reached XP level 7. HP: 35/62 MP: 1/14
  3435 | D:3      | Reached skill level 1 in Alchemy
  3932 | D:3      | Found a stormy altar of Qazlal.
  4482 | D:5      | Entered Level 5 of the Dungeon
  4640 | D:5      | Noticed Duvessa
  4641 | D:5      | Noticed Dowan
  4651 | D:5      | Killed Duvessa
  4652 | D:5      | Reached skill level 6 in Spellcasting
  4653 | D:5      | Killed Dowan
  4780 | D:5      | Reached XP level 8. HP: 56/69 MP: 6/17
  5782 | D:6      | Noticed Blork the orc
  5790 | D:6      | Killed Blork the orc
  5791 | D:6      | Reached skill level 7 in Spellcasting
  6083 | D:6      | Reached skill level 5 in Alchemy
  6155 | D:6      | Noticed a wyvern
  6162 | D:6      | Killed a wyvern
  6254 | D:6      | Reached skill level 8 in Spellcasting
  6302 | D:6      | Reached XP level 9. HP: 75/75 MP: 14/21
  6412 | D:6      | Noticed Edmund
  6421 | D:6      | Killed Edmund
  6592 | D:6      | Noticed Menkaure
  6602 | D:6      | Killed Menkaure
  7256 | D:7      | Found Jyitt's Distillery.
  7265 | D:7      | Bought a potion of curing for 39 gold pieces
  7265 | D:7      | Bought 2 potions of heal wounds for 130 gold pieces
  7265 | D:7      | Bought a potion of mutation for 104 gold pieces
  7385 | D:7      | Found a shimmering altar of Xom.
  7568 | D:7      | Reached skill level 9 in Spellcasting
  7827 | D:7      | Found an ancient bone altar of Kikubaaqudgha.
  8265 | D:8      | Found a broken altar of Ashenzari.
  8277 | D:8      | Noticed timneilson's ghost (novice OpSh)
  8279 | D:8      | Found a transporter.
  8323 | D:8      | Found a transporter.
  8437 | D:8      | Reached skill level 5 in Fighting
  8437 | D:8      | Reached skill level 5 in Maces & Flails
  8579 | D:8      | Mangled by a warg

Illustrated notes

Levels and vault maps discovered:
D:1:      lemuel_arrival_behind_the_door_large, layout_basic, serial_shops,
          nicolae_shop_gaudy_bauble
D:2:      layout_basic, amcnicky_mini_pool_small
D:3:      kb_forest_paths, layout_basic, nicolae_qazlal_beasts_of_the_sky,
          grunt_ministairs_12, minmay_starry_boxes
D:4:      layout_loops_ring, nicolae_sif_muna_condensation,
          minmay_temple_entry_trees, uniq_robin, uniq_sigmund
D:5:      layout_basic, serial_corexii_hall, corexii_hall_statues_deadend,
          chequers_hall_statues_y, uniq_duvessa
D:6:      layout_loops_ring, patterned_corridor, uniq_edmund,
          uniq_blork_the_orc, uniq_menkaure
D:7:      layout_loops_ring, regret_index_xom_buried_treasure,
          amcnicky_altar_gilded, serial_shops, nicolae_shop_statue_plus
D:8:      layout_basic, lemuel_round_altar, erik_lair_orcish_takeover,
          gammafunk_ghost_arena

Skill      XL: |  1  2  3  4  5  6  7  8  9 |
---------------+----------------------------+-----
Spellcasting   | 2 3 4 5 6 8 9 |  9.0
Fire Magic     | 4 5 |  5.2
Alchemy        | 3 5 6 |  6.2
Fighting       | 5 |  5.2
Maces & Flails | 5 |  5.2

Action                     |  1- 3 |  4- 6 |  7- 9 || total
---------------------------+-------+-------+-------++-------
  Melee: Mace              |    27 |       |       ||    27
         Hand axe          |       |    36 |     8 ||    44
         Flail             |       |       |    37 ||    37
   Cast: Scorch            |    16 |    47 |   137 ||   200
         Olgreb's Toxic Ra |       |       |    19 ||    19
 Invoke: Fiery Armour      |       |       |     1 ||     1
Ability: Spit Poison       |    20 |    20 |    22 ||    62
    Use: Scroll            |       |       |     1 ||     1
 Armour: Robe              |    27 |    57 |   110 ||   194
  Dodge: Dodged            |    20 |    32 |    75 ||   127

Table legend: (Time is in decaauts)
 A = Elapsed time spent in this place.
 B = Non-inter-level travel time spent in this place.
 C = Inter-level travel time spent in this place.
 D = Time resting spent in this place.
 E = Time spent auto-exploring this place.
 F = Levels seen in this place.
 G = Mean time per level.
                   A        B        C        D        E       F      G
               +--------+--------+--------+--------+--------+-----+--------+
         Total |  10556 |  10149 |    407 |      3 |   9014 |   8 | 1319.5 |
       Dungeon |  10556 |  10149 |    407 |      3 |   9014 |   8 | 1319.5 |
               +--------+--------+--------+--------+--------+-----+--------+

Top non-repeatable levels by time:
     D:3: 1703 daAuts
     D:6: 1648 daAuts
     D:4: 1559 daAuts
     D:5: 1552 daAuts
     D:1: 1319 daAuts
     D:7: 1273 daAuts
     D:2: 1007 daAuts
     D:8: 492 daAuts
